 Dungeon Crawl Stone Soup version 0.17-a0-1115-g0372368 (console) character file.

103 hyperkellhus the Conjurer (level 4, -4/24 HPs)
             Began as a Tengu Conjurer on May 23, 2015.
             Slain by Charly's ghost (7 damage)
             ... on level 3 of the Dungeon.
             The game lasted 00:06:55 (3053 turns).

hyperkellhus the Conjurer (Tengu Conjurer)          Turns: 3053, Time: 00:06:55

Health: -4/24      AC:  3    Str:  9    XL:     4   Next: 79%
Magic:  0/8        EV:  7    Int: 16    God:
Gold:   109        SH:  0    Dex: 14    Spells: 2 memorised, 4 levels left

rFire  . . .     SeeInvis .     (no weapon)
rCold  . . .     Clarity  .     a - +0 robe
rNeg   . . .     SustAt   .     (no shield)
rPois  +         Gourm    .     (helmet restricted)
rElec  .         Spirit   .     (no cloak)
rCorr  .         Warding  .     e - +0 pair of gloves
rMut   .         Stasis   .     (boots unavailable)
MR     .....                    x - amulet of faith
Stlth  ++........               w - ring of poison resistance
                                m - ring of flight

@: not resistant to hostile enchantments, unstealthy
A: beak, talons 3
a: Evoke Flight


You were on level 3 of the Dungeon.
You were not hungry.

You visited 1 branch of the dungeon, and saw 3 of its levels.

You collected 109 gold pieces.

Inventory:

Hand weapons
 t - a +0 short sword
Missiles
 q - 6 javelins of returning (quivered)
Armour
 a - a +0 robe (worn)
 e - a +0 pair of gloves (worn)
Jewellery
 m - a ring of flight (left hand)
 w - a ring of poison resistance (right hand)
 x - an amulet of faith (around neck)
Magical devices
 v - a wand of digging (12)
Scrolls
 f - 3 scrolls of identify {unknown}
 h - a scroll of recharging {unknown}
 j - 2 scrolls of enchant weapon {unknown}
 k - a scroll of teleportation {unknown}
 o - 2 scrolls of noise {unknown}
 y - a scroll of remove curse {unknown}
Potions
 g - 2 potions of curing {unknown}
 i - a potion of agility {unknown}
 n - 2 potions of degeneration {unknown}
 r - a potion of mutation {unknown}
Books
 b - a book of Conjurations

   Spells                             Type                      Level
   a - Magic Dart                     Conjuration                  1
   b - Searing Ray                    Conjuration                  2
   c - Dazzling Spray                 Conjuration/Hexes            3
   d - Fulminant Prism                Conjuration/Hexes            4
   e - Iskenderun's Mystic Blast      Conjuration                  4
   f - Iskenderun's Battlesphere      Conjuration/Charms           5
Comestibles
 c - 5 bread rations
 s - 2 fruits
 u - 2 slices of pizza


   Skills:
 - Level 2.1 Dodging
 - Level 2.0 Stealth
 - Level 2.0 Spellcasting
 + Level 7.9 Conjurations


You had 4 spell levels left.
You knew the following spells:

 Your Spells              Type           Power        Failure   Level  Hunger
a - Magic Dart            Conj           ####         1%          1    #......
b - Searing Ray           Conj           ####..       1%          2    ###....


Dungeon Overview and Level Annotations

Branches:
Dungeon (3/15)

Altars:

Annotations:
D:2 1 exclusion, Sigmund
D:3 Charly's ghost, average VSMo


Innate Abilities, Weirdness & Mutations

You have a beak for a mouth.
You have claws for feet.


Message History

Aiming: Magic Dart
Press: ? - help, Shift-Dir - straight line, f/p - Charly's ghost
Aim: Charly's ghost (lightly damaged)
The magic dart hits Charly's ghost.
Charly's ghost is moderately damaged.
Casting: Magic Dart
Confirm with . or Enter, or press ? or * to list all spells.
Aiming: Searing Ray
Press: ? - help, Shift-Dir - straight line, f/p - Charly's ghost
Aim: Charly's ghost (moderately damaged)
The searing ray hits Charly's ghost.
Charly's ghost is heavily damaged.
The searing ray hits Charly's ghost.
Charly's ghost is almost destroyed.
Charly's ghost hits you!
The searing ray misses Charly's ghost.
Charly's ghost hits you!
Ouch! That really hurt!
* * * LOW HITPOINT WARNING * * *
Charly's ghost hits you!
You die...

#.......#..####....(...)......
#.........## ####<#####..#...
#.......### ##(### #.#....
#.......## ##....###.#....
####.#...#### #......##......
#...###....#####..(.###..#...
#...# ####....##........#####
#...# ##.....[....###.# #####
#...@W.......##.#
#............##.#
#..(.........##.#
##..........###..
##...##.........
###.##..##.##.. .........# ..#
.#. .## ..


You could see Charly's ghost.

Vanquished Creatures
  3 adders
  2 oozes (D:1)
  3 giant geckos (D:1)
  4 orcs (D:3)
  8 bats
  A bat skeleton (D:2)
  A bat zombie (D:2)
  A giant cockroach (D:1)
  5 goblins
  10 hobgoblins
  7 jackals
  3 ball pythons
  A giant gecko skeleton (D:2)
  2 giant newts
  3 kobolds
  4 rats
58 creatures vanquished.

Notes
Turn   | Place    | Note
--------------------------------------------------------------
     0 | D:1      | hyperkellhus the Tengu Conjurer began the quest for the Orb.
     0 | D:1      | Reached XP level 1. HP: 10/10 MP: 4/4
   351 | D:1      | Reached XP level 2. HP: 15/15 MP: 4/6
   478 | D:1      | Reached skill level 6 in Conjurations
   829 | D:1      | Reached XP level 3. HP: 19/19 MP: 3/7
  1852 | D:2      | Learned a level 2 spell: Searing Ray
  1860 | D:2      | Reached skill level 7 in Conjurations
  2104 | D:2      | Reached XP level 4. HP: 24/24 MP: 2/8
  2261 | D:2      | Noticed Sigmund
  2534 | D:3      | Noticed Charly's ghost (average VSMo)
  3053 | D:3      | Slain by Charly's ghost

Vault maps used:
D:1:      roderic_lyre, serial_bayou, serial_bayou_lagoon_a,
          serial_bayou_pond_a, serial_bayou_pond_a, serial_bayou_shore_b
D:2:      first_bread, serial_undead, serial_undead_e, serial_undead_c,
          serial_undead_d, serial_undead_f, kennysheep_minor_cross, st_stairs_4,
          uniq_crazy_yiuf_cottage, uniq_sigmund
D:3:      serial_curves, eino_curves_01, eino_curves_02

Action                   |  1- 3 |  4- 6 || total
-------------------------+-------+-------++-------
Melee: Unarmed           |     1 |       ||     1
 Cast: Magic Dart        |    93 |    37 ||   130
       Searing Ray       |       |     4 ||     4
  Eat: Chunk             |     5 |     4 ||     9
